 Dungeon Crawl Stone Soup version 0.22-a0-409-gb855193 (webtiles) character file.

457 nikopol the Firebug (level 6, -4/32 HPs)
             Began as a Deep Elf Fire Elementalist on May 10, 2018.
             Slain by an iguana (15 damage)
             ... on level 4 of the Dungeon.
             The game lasted 00:17:08 (3278 turns).

nikopol the Firebug (Deep Elf Fire Elementalist)    Turns: 3278, Time: 00:17:09

Health: -4/32      AC:  4    Str:  5    XL:     6   Next: 77%
Magic:  8/25       EV: 12    Int: 22    God:
Gold:   180        SH:  0    Dex: 15    Spells: 0/15 levels left

rFire    . . .     SeeInvis .   (no weapon)
rCold    . . .     Gourm    .   (no shield)
rNeg     . . .     Faith    .   a - +0 robe
rPois    .         Spirit   .   (no helmet)
rElec    .         Reflect  .   r - +1 cloak
rCorr    .         Harm     .   (no gloves)
MR       .....                  (no boots)
Stlth    ++........             e - amulet of the acrobat
HPRegen  0.10/turn              o - ring of magical power
MPRegen  0.19/turn              (no ring)

@: very slightly contaminated, heavily drained
A: no striking features
a: no special abilities


You were on level 4 of the Dungeon.
You were hungry.

You visited 1 branch of the dungeon, and saw 4 of its levels.

You collected 180 gold pieces.

Inventory:

Armour
 a - a +0 robe (worn)
 r - a +1 cloak (worn)
Jewellery
 e - an amulet of the acrobat (around neck)
 o - a ring of magical power (left hand)
Scrolls
 d - a scroll of immolation {unknown}
 f - 2 scrolls of fear {unknown}
 g - 3 scrolls of identify
 h - a scroll of remove curse {unknown}
 k - 2 scrolls of fog {unknown}
 l - a scroll of noise {unknown}
 m - a scroll of enchant armour {unknown}
 p - a scroll of teleportation {unknown}
Potions
 b - 4 potions of agility
 i - a potion of curing
 n - a potion of heal wounds
Comestibles
 c - 10 rations
 j - 3 chunks of flesh


   Skills:
 + Level 0.1(0.0) Fighting
 + Level 2.9(1.5) Dodging
 + Level 3.6(2.1) Stealth
 + Level 5.4(3.9) Spellcasting
 + Level 3.9(2.4) Conjurations
 + Level 5.7(4.1) Fire Magic


You couldn't memorise any spells.
You knew the following spells:

 Your Spells              Type           Power        Failure   Level  Hunger
a - Flame Tongue          Conj/Fire      ###..        3%          1    None
b - Throw Flame           Conj/Fire      ###...       4%          2    #......
c - Conjure Flame         Conj/Fire      ###.....     9%          3    ###....
d - Sticky Flame          Conj/Fire      ###.....     28%         4    ####...
e - Fireball              Conj/Fire      ###.......   63%         5    ######.


Dungeon Overview and Level Annotations

Branches:
Dungeon (4/15)
 Temple: D:4-7

Altars:
Sif Muna
Xom


Message History

Press: ? - help, Shift-Dir - straight line, f/p - iguana
Aim: an iguana (lightly wounded)
You miscast Flame Tongue.
Wisps of smoke drift from your hands.
Casting: Flame Tongue (safe; 3% risk of failure)
Confirm with . or Enter, or press ? or * to list all spells.
Aiming: Flame Tongue (safe; 3% risk of failure)
Press: ? - help, Shift-Dir - straight line, f/p - iguana
Aim: an iguana (lightly wounded)
The flame tongue hits the iguana.
The iguana is heavily wounded.
The iguana bites you!
Casting: Flame Tongue (safe; 3% risk of failure)
Confirm with . or Enter, or press ? or * to list all spells.
Aiming: Flame Tongue (safe; 3% risk of failure)
Press: ? - help, Shift-Dir - straight line, f/p - iguana
Aim: an iguana (heavily wounded)
The flame tongue hits the iguana.
The iguana appears unharmed.
The iguana is heavily wounded.
The iguana bites you!
You die...

## # # .. .. .#
. .##.## #.
.#....
#####.####....#
#.............#
!.............#.
.......†........
?......l@.######
.............#
.......(.....#
###.....>....#
#.#....)....#
.........###!#
##.#.#...# .#
#.#.##.## # #.#


You could see an iguana.

Vanquished Creatures
  Sigmund (D:3)
  A hound (D:4)
  Crazy Yiuf (D:3)
  An orc priest (D:3)
  An orc wizard (D:3)
  2 worker ants
  6 adders
  A shadow imp (D:4)
  An ooze (D:1)
  An adder skeleton (D:4)
  3 worms
  3 dart slugs
  A leopard gecko (D:3)
  7 orcs
  A ball python (D:2)
  3 giant cockroaches
  2 goblins (D:3)
  6 hobgoblins
  A jackal (D:4)
  6 kobolds
  3 bats
  4 frilled lizards
  A jackal skeleton (D:4)
  4 rats
61 creatures vanquished.

Notes
Turn   | Place    | Note
-------+----------+-------------------------------------------
     0 | D:1      | nikopol the Deep Elf Fire Elementalist began the quest for the Orb.
     0 | D:1      | Reached XP level 1. HP: 10/10 MP: 6/6
   312 | D:1      | Reached XP level 2. HP: 15/15 MP: 5/8
  1087 | D:2      | Learned a level 2 spell: Throw Flame
  1112 | D:2      | Found a shimmering altar of Xom.
  1182 | D:2      | Reached XP level 3. HP: 16/19 MP: 2/9
  1214 | D:2      | Learned a level 3 spell: Conjure Flame
  1410 | D:2      | Reached XP level 4. HP: 24/24 MP: 4/11
  2029 | D:3      | Reached XP level 5. HP: 28/28 MP: 8/13
  2277 | D:3      | Noticed Sigmund
  2286 | D:3      | Learned a level 4 spell: Sticky Flame
  2336 | D:3      | Found a runed door.
  2340 | D:3      | Noticed Crazy Yiuf
  2346 | D:3      | Killed Crazy Yiuf
  2470 | D:3      | Reached skill level 5 in Fire Magic
  2607 | D:3      | Found a deep blue altar of Sif Muna.
  2877 | D:3      | Killed Sigmund
  2877 | D:3      | Reached skill level 5 in Spellcasting
  2877 | D:3      | Reached XP level 6. HP: 21/32 MP: 7/15
  3260 | D:4      | Learned a level 5 spell: Fireball
  3278 | D:4      | Slain by an iguana

Vault maps used:
D:1:      scummos_arrival_checkerplants, lemuel_another_geyser
D:2:      lemuel_doored_altar, minmay_nonomino_d4
D:3:      led_sif_pool, first_ration, minmay_crystal_water, uniq_sigmund,
          uniq_crazy_yiuf_cottage
D:4:      minmay_temple_entry_trees

Skill      XL: |  1  2  3  4  5 |
---------------+----------------+-----
Fire Magic     | 4 5 |  5.7
Conjurations   | 2 3 |  3.9
Spellcasting   | 4 5 |  5.4
Stealth        | 3 |  3.6
Fighting       | |  0.1
Dodging        | |  2.9

Action                   |  1- 3 |  4- 6 || total
-------------------------+-------+-------++-------
 Cast: Flame Tongue      |    47 |    81 ||   128
       Conjure Flame     |       |     4 ||     4
       Throw Flame       |       |     2 ||     2
       Sticky Flame      |       |     2 ||     2
  Use: Scroll            |       |     3 ||     3
  Eat: Chunk             |     1 |     6 ||     7
Armor: Robe              |     2 |     4 ||     6
Dodge: Dodged            |    16 |    24 ||    40

Table legend:
 A = Spawn XP
 B = Non-spawn XP
 C = Spawn XP percentage of total XP
 D = Spawn monster count
 E = Non-spawn monster count
 F = Spawn count percentage of total count
 G = Total turns spent on level
                    A         B        C        D         E        F      G
               +---------+---------+-------+---------+---------+-------+---------
         Total |       0 |     653 |   0.0 |       0 |      61 |   0.0 |  3278
               +---------+---------+-------+---------+---------+-------+---------
           D:1 |       0 |      26 |   0.0 |       0 |      12 |   0.0 |  1125
           D:2 |       0 |     105 |   0.0 |       0 |      19 |   0.0 |   947
           D:3 |       0 |     420 |   0.0 |       0 |      21 |   0.0 |  1102
           D:4 |       0 |     102 |   0.0 |       0 |       9 |   0.0 |   104
               +---------+---------+-------+---------+---------+-------+---------
